AoeStats
← Youtellme

Arena

510933690Analyzed
3v3 RM · 10h ago on Oct 3, 2026· 42m 40s· 6 players
Game mode
Random Map
Map size
Normal (6 player)
Population
200
Speed
Normal
Resources
Standard
Victory
Conquest
Starting age
Dark Age
Ending age
Imperial Age
RankedLock teamsTeams togetherTeam positionsShared explorationLock speedFull tech treeHidden civsTurbo modeCheats
Victory
Defeat
🇦🇷 Byzantines · Argentina
936
+13
🇦🇷 Chinese · Argentina
935
+13
🇦🇷 Lithuanians · Argentina
923
+14
🇦🇺 Berbers · Australia
890
-14
🇦🇺 Celts · Australia
875
-13
🇦🇺 Teutons · Australia
866
-13
Fart-Lick
10:20 Feudal Age
16:45 Castle Age
14:58 Double-Bit Axe
14:54 Horse Collar
18:13 Wheelbarrow
17:33 Stone Mining
20:38 Stone Shaft Mining
22:10 Bow Saw
23:34 Hand Cart
26:45 Scale Barding Armor
31:53 Imperial Age
29:17 Gold Mining
30:08 Husbandry
31:32 Masonry
31:36 Fortified Wall
31:47 Ballistics
32:05 Capped Ram
33:38 Heavy Plow
33:47 Pikeman
35:50 Chemistry
34:41 Guard Tower
34:47 Murder Holes
35:33 Halberdier
36:19 Siege Ram
39:25 Elite Skirmisher
40:43 Fletching
40:53 Padded Archer Armor
40:55 Scale Mail Armor
41:06 Forging
40:29 Cavalier
Youtellme
8:24 Loom
11:08 Feudal Age
17:55 Castle Age
15:42 Horse Collar
16:59 Double-Bit Axe
17:49 Bloodlines
19:48 Husbandry
23:56 Scale Barding Armor
34:01 Bow Saw
36:41 Heavy Plow
38:00 Wheelbarrow
37:38 Gold Mining
37:38 Stone Mining
41:37 Imperial Age
40:46 Chain Barding Armor
40:27 Padded Archer Armor
40:17 Fletching
40:59 Hand Cart
40:11 Crossbowman
41:45 Thumb Ring
BottomFeeder
10:58 Feudal Age
23:04 Castle Age
23:19 Wheelbarrow
32:08 Fortified Wall
40:29 Imperial Age
39:52 Ballistics
Martín
12:05 Feudal Age
14:03 Double-Bit Axe
16:57 Castle Age
14:44 Loom
18:46 Bow Saw
23:42 Horse Collar
24:23 Fletching
27:45 Bodkin Arrow
31:24 Imperial Age
30:16 Heavy Plow
31:56 Forging
31:50 Husbandry
32:57 Conscription
34:36 Capped Ram
36:25 Iron Casting
35:56 Scale Barding Armor
36:45 Crop Rotation
37:17 Bracer
39:20 Logistica
42:38 Gold Mining
42:39 Stone Mining
43:27 Wheelbarrow
Baron Hirsch
9:56 Feudal Age
14:02 Castle Age
11:51 Double-Bit Axe
16:01 Loom
27:41 Imperial Age
25:53 Horse Collar
26:26 Forging
26:21 Scale Barding Armor
26:30 Gold Mining
26:30 Stone Mining
26:58 Bow Saw
28:36 Iron Casting
28:21 Chain Barding Armor
28:35 Bloodlines
28:25 Husbandry
29:01 Conscription
29:04 Town Watch
30:27 Wheelbarrow
30:33 Chain Barding Armor
31:09 Town Patrol
31:52 Hand Cart
31:44 Elite Leitis
34:33 Two-Man Saw
34:21 Heavy Plow
35:01 Plate Barding Armor
36:29 Crop Rotation
37:05 Capped Ram
El_incivilizado
0:30 Loom
11:34 Feudal Age
15:56 Castle Age
16:53 Double-Bit Axe
24:51 Bow Saw
30:02 Imperial Age
28:06 Padded Archer Armor
29:47 Leather Archer Armor
29:23 Fletching
31:06 Wheelbarrow
30:18 Town Watch
30:34 Gold Mining
31:22 Ring Archer Armor
31:59 Two-Man Saw
33:23 Hand Cart
32:41 Pikeman
33:51 Squires
33:29 Halberdier
36:02 Bodkin Arrow
36:08 Scale Mail Armor
36:18 Forging
36:08 Horse Collar
36:48 Capped Ram
39:00 Elite Chu Ko Nu
40:31 Siege Ram
43:19 Chemistry
42:40 Ballistics
Connection lost

Rejoining the realm…

Still unreachable

The connection could not be restored.

Session expired

The server has moved on; the page needs a fresh start.